 Dungeon Sprint DCSS version 0.27-a0-819-g058290f16d (webtiles) character file.

Game seed: 4185557597174437509

385 rocky1 the Frost Mage (level 6, -10/61 HPs)
             Began as a Demonspawn Ice Elementalist on Mar 30, 2021.
             Was an Elder of Sif Muna.
             Mangled by a boulder beetle (15 damage)
             ... in the Dungeon (Sprint VII: "The Pits").
             The game lasted 00:04:59 (941 turns).

rocky1 the Frost Mage (Demonspawn Ice Elementalist)  Turns: 941, Time: 00:05:00

Health: -10/61     AC:  2    Str:  8    XL:     6   Next: 48%
Magic:  14/14      EV: 12    Int: 19    God:    Sif Muna [****..]
Gold:   0          SH:  0    Dex: 13    Spells: 1/16 levels left

rFire    . . .     SeeInvis .   l - +3 quarterstaff (speed)
rCold    . . .     Faith    .   (shield currently unavailable)
rNeg     . . .     Spirit   .   a - +0 robe
rPois    .         Reflect  .   (no helmet)
rElec    .         Harm     .   (no cloak)
rCorr    .         Rampage  .   (no gloves)
Will     .....     NoTele   +   (no boots)
Stlth    ..........             (no amulet)
HPRegen  0.20/turn              (no ring)
MPRegen  0.14/turn              (no ring)

@: berserking (expiring), very slightly contaminated, invisible, very quick
A: hooves 2, spiny 2
a: Renounce Religion, Channel Magic, Forget Spell, Divine Exegesis


You were in the Dungeon.
You worshipped Sif Muna.
Sif Muna was greatly pleased with you.
You visited 1 branch

Inventory:

Hand Weapons
 l - a +3 quarterstaff of speed (weapon)
Armour
 a - a +0 robe (worn)
Scrolls
 h - a scroll of blinking
 i - 5 scrolls of amnesia
 j - a scroll of summoning
Potions
 c - 6 potions of curing
 d - 5 potions of heal wounds
 e - a potion of haste
 f - 4 potions of magic
 g - a potion of berserk rage
 k - a potion of attraction {unknown}


   Skills:
 - Level 1.7 Dodging
 - Level 1.7 Stealth
 + Level 5.7 Spellcasting
 + Level 1.7 Conjurations
 + Level 1.7 Summonings
 + Level 10.6 Ice Magic
 + Level 7.5 Invocations


You had one spell level left.
You knew the following spells:

 Your Spells              Type           Power      Damage    Failure   Level
a - Freeze                Ice            100%       1d11      1%          1
b - Frozen Ramparts       Ice            90%        1d11      1%          3
c - Ozocubu's Armour      Ice            45%        N/A       1%          3
d - Hailstorm             Conj/Ice       28%        3d8       9%          4
e - Summon Ice Beast      Ice/Summ       28%        N/A       9%          4

Your spell library contained the following spells:

 Spells                   Type           Power      Damage    Failure   Level


Dungeon Overview and Level Annotations

Branches:
Dungeon (1/1)

Altars:
Ashenzari
Cheibriados
Dithmenos
Elyvilon
Fedhas
Gozag
Hepliaklqana
Kikubaaqudgha
Makhleb
Nemelex Xobeh
Okawaru
Qazlal
Ru
Sif Muna
Trog
Uskayaw
Vehumet
Wu Jian
Xom
Yredelemnul
Zin
The Shining One
Beogh
Jiyva
Lugonu


Innate Abilities, Weirdness & Mutations

You have hoof-like feet.
You are mostly covered in sharp spines.


Message History

You kick the boulder beetle.
The boulder beetle is moderately wounded.
You strike the helpless boulder beetle from behind!
You hit the boulder beetle but do no damage.
The boulder beetle is moderately wounded.
The boulder beetle barely misses you.
You sock the boulder beetle!
The boulder beetle is moderately wounded.
You hit the boulder beetle but do no damage.
The boulder beetle is moderately wounded.
You completely miss the boulder beetle. Your kick misses the boulder beetle.
The boulder beetle is moderately wounded.
The boulder beetle is struck by your spines.
The boulder beetle barely misses you.
You strike the helpless boulder beetle from behind!
You sock the boulder beetle! Your kick misses the boulder beetle.
The boulder beetle is heavily wounded.
You hit the boulder beetle but do no damage.
You kick the boulder beetle, but do no damage.
The boulder beetle is heavily wounded.
The boulder beetle bites you!!
* * * LOW HITPOINT WARNING * * *
You thump the boulder beetle!
The boulder beetle is severely wounded.
The boulder beetle is struck by your spines.
The boulder beetle barely misses you.
You hit the boulder beetle.
The boulder beetle is severely wounded.
You hit the boulder beetle but do no damage.
The boulder beetle is severely wounded.
The boulder beetle bites you.
* * * LOW HITPOINT WARNING * * *
You hit the boulder beetle.
You kick the boulder beetle, but do no damage.
The boulder beetle is severely wounded.
You hit the boulder beetle but do no damage.
You kick the boulder beetle.
The boulder beetle is severely wounded.
The boulder beetle bites you!
You die...

#†#........##.......#
#)###########.......#
#)......# #########
#...#...# #...#...#
#.##.##.#+#
#...#...#.+
#...#...#B#
#.......'@#
###########


You could see a boulder beetle.

Vanquished Creatures
  An orc warrior (D)
  An ogre (D)
  A centaur (D)
  A gnoll sergeant (D)
  Terence (D)
  An adder (D)
  2 river rats (D)
  A worm (D)
  3 orcs (D)
  A bat (D)
  A giant cockroach (D)
  2 jackals (D)
  A kobold (D)
  A ball python skeleton (D)
  A goblin (D)
19 creatures vanquished.

Notes
Turn   | Place    | Note
-------+----------+-------------------------------------------
     0 | D        | rocky1 the Demonspawn Ice Elementalist began the quest for
                  | the Orb.
     0 | D        | Reached XP level 1. HP: 13/13 MP: 3/3
    17 | D        | Reached skill level 4 in Ice Magic
   180 | D        | Found a bloodstained altar of Trog.
   180 | D        | Found a shimmering blue altar of Sif Muna.
   180 | D        | Found a viscous altar of Jiyva.
   180 | D        | Found a hazy altar of Hepliaklqana.
   180 | D        | Found an opulent altar of Gozag.
   181 | D        | Found a basalt altar of Yredelemnul.
   181 | D        | Found a shimmering altar of Xom.
   181 | D        | Found an ornate altar of the Wu Jian Council.
   181 | D        | Found a sacrificial altar of Ru.
   181 | D        | Found a stormy altar of Qazlal.
   181 | D        | Found an iron altar of Okawaru.
   181 | D        | Found a sparkling altar of Nemelex Xobeh.
   181 | D        | Found a burning altar of Makhleb.
   181 | D        | Found a blossoming altar of Fedhas.
   181 | D        | Found a shadowy altar of Dithmenos.
   181 | D        | Found a snail-covered altar of Cheibriados.
   184 | D        | Found a corrupted altar of Lugonu.
   184 | D        | Found a radiant altar of Vehumet.
   185 | D        | Found an ancient bone altar of Kikubaaqudgha.
   185 | D        | Found a hide-covered altar of Uskayaw.
   185 | D        | Found a broken altar of Ashenzari.
   186 | D        | Became a worshipper of Sif Muna the Loreminder
   256 | D        | Reached skill level 5 in Ice Magic
   256 | D        | Gained mutation: You are partially covered in sharp spines.
                  | [demonic ancestry]
   256 | D        | Reached XP level 2. HP: 14/19 MP: 0/5
   333 | D        | Reached * piety under Sif Muna
   361 | D        | Noticed an ogre
   411 | D        | Killed an ogre
   411 | D        | Reached ** piety under Sif Muna
   412 | D        | Reached skill level 9 in Ice Magic
   412 | D        | Gained mutation: You have large cloven feet. [demonic
                  | ancestry]
   412 | D        | Reached XP level 3. HP: 12/24 MP: 6/6
   412 | D        | Reached XP level 4. HP: 15/30 MP: 7/7
   662 | D        | Learned a level 3 spell: Frozen Ramparts
   666 | D        | Learned a level 3 spell: Ozocubu's Armour
   666 | D        | Noticed an orc warrior
   671 | D        | Reached *** piety under Sif Muna
   677 | D        | Reached skill level 1 in Invocations
   678 | D        | Killed an orc warrior
   679 | D        | Reached skill level 5 in Invocations
   679 | D        | Gained mutation: You are mostly covered in sharp spines.
                  | [demonic ancestry]
   679 | D        | Reached XP level 5. HP: 35/35 MP: 1/11
   690 | D        | Reached skill level 10 in Ice Magic
   693 | D        | Noticed a centaur
   696 | D        | Noticed Terence
   700 | D        | Killed a centaur
   700 | D        | Reached **** piety under Sif Muna
   701 | D        | Reached skill level 5 in Spellcasting
   701 | D        | Gained mutation: You have hoof-like feet. [demonic
                  | ancestry]
   701 | D        | Reached XP level 6. HP: 41/41 MP: 1/13
   701 | D        | Killed Terence
   818 | D        | Learned a level 4 spell: Hailstorm
   823 | D        | Learned a level 4 spell: Summon Ice Beast
   830 | D        | Reached skill level 1 in Conjurations
   830 | D        | Reached skill level 1 in Summonings
   923 | D        | Noticed a boulder beetle
   941 | D        | Mangled by a boulder beetle

Illustrated notes

Levels and vault maps discovered:
D:        pitsprint [storerooms_1, entrance_room_1, metal_vault_6, armoury_2,
          mini_pit_1, grid_room_1, main_hall_1, silver_pit, the_coven_2,
          the_vestibule_1, steel_vault_3, golden_pit, hallway_of_sentries,
          crystal_vault_1, iron_vault_4, final_vault]

Skill      XL: |  1  2  3  4  5  6 |
---------------+-------------------+-----
Ice Magic      | 5 9 10 | 10.6
Invocations    | 5 6 7 |  7.5
Spellcasting   | 4 5 |  5.7
Conjurations   | 1 |  1.7
Summonings     | 1 |  1.7
Dodging        | |  1.7
Stealth        | |  1.7

Action                   |  1- 3 |  4- 6 || total
-------------------------+-------+-------++-------
Melee: Quarterstaff      |     6 |    28 ||    34
       Kick              |       |    10 ||    10
 Cast: Freeze            |    10 |     1 ||    11
       Frozen Ramparts   |       |     3 ||     3
       Ozocubu's Armour  |       |     1 ||     1
  Use: Potion            |     2 |     3 ||     5
 Stab: Invisible         |     1 |     3 ||     4
Armor: Robe              |     3 |       ||     3
Dodge: Dodged            |     7 |    15 ||    22

Table legend: (Time is in decaauts)
 A = Elapsed time spent in this place.
 B = Non-inter-level travel time spent in this place.
 C = Inter-level travel time spent in this place.
 D = Time resting spent in this place.
 E = Time spent auto-exploring this place.
 F = Levels seen in this place.
 G = Mean time per level.
                   A        B        C        D        E       F      G
               +--------+--------+--------+--------+--------+-----+--------+
         Total |    942 |    926 |     16 |    654 |      0 |   1 |  942.0 |
       Dungeon |    942 |    926 |     16 |    654 |      0 |   1 |  942.0 |
               +--------+--------+--------+--------+--------+-----+--------+

Top non-repeatable levels by time:
       D: 942 daAuts
